 Dungeon Crawl Stone Soup version 0.17-a0-1373-g64d4c99 (webtiles) character file.

127 wvc the Skirmisher (level 5, -1/28 HPs)
             Began as a Vine Stalker Wanderer on June 13, 2015.
             Killed by divine providence
             ... invoked by an orc priest
              (11 damage)
             ... on level 3 of the Dungeon.
             The game lasted 00:04:28 (1408 turns).

wvc the Skirmisher (Vine Stalker Wanderer)          Turns: 1408, Time: 00:04:28

Health: -1/28      AC:  7    Str: 20    XL:     5   Next: 11%
Magic:  0/6        EV:  5    Int: 13    God:
Gold:   36         SH:  0    Dex: 13    Spells: 0 memorised, 4 levels left

rFire  . . .     SeeInvis .     l - +1 rapier (venom)
rCold  . . .     Clarity  .     g - +0 scale mail
rNeg   . . .     SustAt   .     (no shield)
rPois  .         Gourm    .     o - +0 helmet
rElec  .         Spirit   +     (no cloak)
rCorr  .         Warding  .     (no gloves)
rMut   .         Stasis   .     (no boots)
MR     .....                    (no amulet)
Stlth  +.........               (no ring)
                                i - +5 ring of strength

@: not resistant to hostile enchantments, very unstealthy
A: fangs 2, regeneration 1, magic shield, antimagic bite, no device heal 3, rot
immunity
a: no special abilities


You were on level 3 of the Dungeon.
You were not hungry.

You visited 1 branch of the dungeon, and saw 3 of its levels.

You collected 36 gold pieces.

Inventory:

Hand weapons
 l - a +1 rapier of venom (weapon)
Missiles
 a - 28 poisoned needles
Armour
 g - a +0 scale mail (worn)
 o - a +0 helmet (worn)
Jewellery
 i - a +5 ring of strength (left hand)
Scrolls
 k - a scroll of remove curse
Potions
 b - a potion of haste
 d - a potion of agility
 f - 2 potions of curing
Comestibles
 e - 3 bread rations


   Skills:
 - Level 3.6 Fighting
 * Level 3.1 Short Blades
   Level 1.0 Axes
 - Level 1.0 Throwing
 + Level 1.8 Armour
 + Level 1.8 Dodging
 - Level 2.4 Stealth


You had 4 spell levels left.
You didn't know any spells.

Dungeon Overview and Level Annotations

Branches:
Dungeon (3/15)

Altars:
Vehumet
Yredelemnul

Annotations:
D:3 Aiteri's ghost, average HOFi


Innate Abilities, Weirdness & Mutations

You have extremely sharp teeth.
Your natural rate of healing is unusually fast.
When hurt, damage is shared between your health and your magic reserves.
Your bite disrupts and absorbs the magic of your enemies.
Potions and wands cannot restore your health.
You are immune to rotting.


Message History

You bite Aiteri's ghost, but do no damage.
Aiteri's ghost is lightly damaged.
Aiteri's ghost hits you!
You hit Aiteri's ghost.
You bite Aiteri's ghost, but do no damage.
Aiteri's ghost is lightly damaged.
Aiteri's ghost hits you.
An orc priest comes into view. It is wielding a short sword.
You completely miss Aiteri's ghost.
You bite Aiteri's ghost, but do no damage.
Aiteri's ghost is lightly damaged.
Aiteri's ghost hits you but does no damage.
An orc comes into view. It is wielding a dagger.
Aiteri's ghost says, "You will join me soon!"
Aiteri's ghost says very slowly, "There's no hope."
There is a stone staircase leading up here.
Aiteri's ghost hits you!
The orc priest calls down the wrath of Beogh upon you.
Something smites you!
You die...

##. #.. #.# #.#
#.# .# #.# ..
#.# #. #@# #.
#W#
#..###.########
#..............
#....##.######..
....#.. #.# #.#
#.. #.# # #..
o.. #.. #.#


You could see an orc priest and Aiteri's ghost.

Vanquished Creatures
  A human skeleton (D:2)
  Jessica (D:2)
  Robin (D:2)
  2 adders (D:2)
  A worm (D:2)
  15 goblins
  8 hobgoblins
  4 kobolds
  2 bats (D:1)
  3 giant cockroaches
  2 giant newts
  6 rats (D:1)
46 creatures vanquished.

Vanquished Creatures (others)
  2 kobolds (D:3)
  A giant newt (D:3)
3 creatures vanquished.

Grand Total: 49 creatures vanquished

Notes
Turn   | Place    | Note
--------------------------------------------------------------
     0 | D:1      | wvc the Vine Stalker Wanderer began the quest for the Orb.
     0 | D:1      | wvc set off with: a +2 dagger, a potion of haste, a +0 ring mail, a +0 hand axe, a bread ration
     0 | D:1      | Reached XP level 1. HP: 12/12 MP: 2/2
   155 | D:1      | Reached skill level 1 in Short Blades
   169 | D:1      | Reached XP level 2. HP: 16/16 MP: 3/3
   894 | D:2      | Found a runed door.
   894 | D:2      | Noticed a human
   899 | D:2      | Found a basalt altar of Yredelemnul.
   912 | D:2      | Reached XP level 3. HP: 10/20 MP: 2/4
   942 | D:2      | Noticed Jessica
   949 | D:2      | Killed Jessica
   949 | D:2      | Reached XP level 4. HP: 25/25 MP: 5/5
   969 | D:2      | Noticed Robin
   994 | D:2      | Killed Robin
  1011 | D:2      | Found a radiant altar of Vehumet.
  1061 | D:2      | Reached XP level 5. HP: 26/28 MP: 6/6
  1398 | D:3      | Noticed Aiteri's ghost (average HOFi)
  1408 | D:3      | Killed from afar by an orc priest

Vault maps used:
D:1:      dpeg_arrival_signposts
D:2:      vehumet_crystals, first_bread, dk_yredelemnul_ordeal, uniq_robin,
          uniq_jessica
D:3:      grunt_gozag_statues, grunt_dithmenos_smoke_and_mirrors,
          ecumenical_altar_2, minmay_joined_circles

Action                   |  1- 3 |  4- 6 || total
-------------------------+-------+-------++-------
Melee: Dagger            |    21 |       ||    21
       Short sword       |    32 |       ||    32
       Rapier            |    15 |    59 ||    74
  Use: Scroll            |       |     5 ||     5
 Stab: Sleeping          |     4 |       ||     4
  Eat: Beef jerky        |       |     1 ||     1
       Chunk             |       |     1 ||     1
